 Dungeon Crawl Stone Soup version 0.29-a0-100-g60f898f876 (webtiles) character file.

Game seed: 15323439452629446259

207 cyrus the Poker (level 5, -4/37 HPs)
             Began as a Merfolk Fighter on Feb 14, 2022.
             Was a Follower of Hepliaklqana.
             Slain by Duvessa (6 damage)
             ... on level 4 of the Dungeon.
             The game lasted 00:08:57 (5188 turns).

cyrus the Poker (Merfolk Fighter)                   Turns: 5188, Time: 00:08:57

Health: -4/37      AC: 14    Str: 16    XL:     5   Next: 85%
Magic:  5/5        EV:  6    Int:  7    God:    Hepliaklqana [*.....]
Gold:   177        SH:  5    Dex: 16    Spells: 4/4 levels left

rFire   . . .      SeeInvis .   a - +0 trident
rCold   . . .      Faith    .   c - +0 buckler
rNeg    . . .      Spirit   .   e - +0 chain mail
rPois   .          Reflect  .   n - +1 helmet
rElec   .          Harm     .   f - +0 cloak
rCorr   .          Rampage  .   u - +1 pair of gloves
Will    .....                   (no boots)
Stlth   ..........              (no amulet)
HPRegen 0.12/turn               (no ring)
MPRegen 0.09/turn               (no ring)

@: no status effects
A: reduced essence, (nimble swimmer 2), mertail
a: Renounce Religion, Recall Ancestor, Ancestor Identity


You were on level 4 of the Dungeon.
You worshipped Hepliaklqana.
Hepliaklqana was aware of your devotion.
You visited 1 branch of the dungeon, and saw 5 of its levels.

You collected 177 gold pieces.

Inventory:

Hand Weapons
 a - a +0 trident (weapon)
Armour
 b - a +0 scale mail
 c - a +0 buckler (worn)
 e - a +0 chain mail (worn)
 f - a +0 cloak (worn)
 m - a +0 pair of gloves
 n - a +1 helmet (worn)
 u - a +1 pair of gloves (worn)
Wands
 t - a wand of paralysis (6)
Scrolls
 d - 2 scrolls of teleportation {unknown}
 h - 6 scrolls of identify {unknown}
 j - a scroll of magic mapping {unknown}
 k - a scroll of vulnerability {unknown}
 r - a scroll of noise {unknown}
 s - a scroll of fear {unknown}
Potions
 g - 2 potions of attraction {unknown}
 i - a potion of mutation {unknown}
 l - a potion of brilliance {unknown}
 o - 3 potions of degeneration {unknown}
 p - a potion of curing {unknown}
 q - 2 potions of heal wounds {unknown}


   Skills:
 + Level 3.8 Fighting
 + Level 5.8 Polearms
 + Level 3.3 Armour
 + Level 1.1 Dodging
 + Level 3.4 Shields


You had 4 spell levels left.
You didn't know any spells.
Your spell library contained the following spells:

 Spells                   Type           Power      Damage    Failure   Level
 Animate Skeleton         Necr           0%         N/A       100%        1
 Pain                     Necr           0%         1d4       100%        1
 Portal Projectile        Hex/Tloc       0%         N/A       100%        3
 Summon Guardian Golem    Hex/Summ       0%         N/A       100%        3
 Vampiric Draining        Necr           0%         2d6       100%        3
 Fulminant Prism          Conj/Hex       0%         3d6       100%        4
 Iskenderun's Mystic Bla  Conj/Tloc      0%         2d3       100%        4
 Blade Hands              Tmut           0%         N/A       100%        5
 Excruciating Wounds      Necr           0%         N/A       100%        5
 Lee's Rapid Deconstruct  Erth           0%         3d5*      100%        5
 Orb of Destruction       Conj           0%         9d5       100%        7
 Spellforged Servitor     Conj/Summ      0%         N/A       100%        7


Dungeon Overview and Level Annotations

Branches:
Dungeon (5/15)
 Temple: D:4-7

Altars:
Hepliaklqana

Annotations:
D:4 Dowan, Duvessa, Eustachio


Innate Abilities, Weirdness & Mutations

Your life essence is reduced to manifest your ancestor. (-10% HP)
((You are very nimble when in or above water. (Stealth+, EV+, Speed+++)))
Your lower body shifts to a powerful aquatic tail in water.


Message History

Dowan hits king scar with a +0 dagger.
The crimson imp barely misses king scar.
You hit Duvessa.
Duvessa is severely wounded.
Duvessa hits you with a +0 short sword.
The rat bites king scar.
Dowan hits king scar with a +0 dagger.
King scar hits Dowan.
Eustachio hits you with a +0 rapier.
The crimson imp completely misses king scar.
Duvessa hits you but does no damage.
You hit Duvessa.
Duvessa is severely wounded.
The rat bites king scar.
Duvessa hits you but does no damage.
King scar barely misses Dowan.
Dowan hits king scar with a +0 dagger.
King scar is destroyed!
Eustachio hits you with a +0 rapier.
* * * LOW HITPOINT WARNING * * *
You hit Duvessa.
Duvessa is almost dead.
Eustachio barely misses you. Duvessa barely misses you.
The crimson imp barely misses you.
You closely miss Dowan.
Dowan is lightly wounded.
Duvessa says, "Where magic fails, the sword succeeds!"
You block Duvessa's attack. Dowan hits you but does no damage.
Eustachio hits you but does no damage. The iron imp hits you.
* * * LOW HITPOINT WARNING * * *
The crimson imp hits you but does no damage.
Okay, then.
You hit Dowan.
Dowan is moderately wounded.
You block Duvessa's attack. Dowan hits you but does no damage.
Eustachio hits you with a +0 rapier.
* * * LOW HITPOINT WARNING * * *
Duvessa hits you with a +0 short sword.
* * * LOW HITPOINT WARNING * * *
The iron imp barely misses you.
The crimson imp blinks!
You miss Dowan.
Dowan is moderately wounded.
Duvessa hits you with a +0 short sword.
You die...

. # ..............# ..
..#............ ...
.##............ .##.
...........##. .. .. #
#............. #..
##.#.....#....# #...
#.#..........#
....###r#.....#
.......e@5....#
###.......§e@.##....
#.............####.. ..
#..##............... ..#
#............#.....
...####..5##..#....#..###
#...........##..........
#..........#.....##....
####.........#....## ...


You could see Eustachio, Duvessa (fast), Dowan, an iron imp (summoned), a
crimson imp (summoned) and a rat (summoned).

Vanquished Creatures
  Jessica (D:2)
  2 iguanas (D:4)
  A hound skeleton (D:4)
  An adder (D:3)
  3 worms
  2 dart slugs (D:1)
  An orc (D:4)
  6 endoplasms
  3 giant cockroaches
  11 goblins
  7 hobgoblins
  A jackal (D:3)
  4 quokkas
  10 ball pythons
  8 bats (D:1)
  3 frilled lizards
  5 kobolds
  6 rats
75 creatures vanquished.

Vanquished Creatures (collateral kills)
  An adder (D:4)
  An orc (D:3)
  A ball python (D:4)
  A bat (D:3)
  A goblin (D:3)
  A jackal (D:3)
6 creatures vanquished.

Vanquished Creatures (others)
  An ancestor (D:4)
1 creature vanquished.

Grand Total: 82 creatures vanquished

Notes
Turn   | Place    | Note
-------+----------+-------------------------------------------
     0 | D:1      | cyrus the Merfolk Fighter began the quest for the Orb.
     0 | D:1      | Reached XP level 1. HP: 18/18 MP: 1/1
    80 | D:1      | Reached XP level 2. HP: 10/24 MP: 2/2
  1102 | D:1      | Reached XP level 3. HP: 29/29 MP: 3/3
  2098 | D:2      | Noticed Jessica
  2106 | D:2      | Killed Jessica
  2107 | D:2      | Reached skill level 4 in Polearms
  2107 | D:2      | Reached XP level 4. HP: 36/36 MP: 4/4
  3771 | D:3      | Found a faded altar of an unknown god.
  3786 | D:3      | Prayed at the altar of an unknown god.
  3786 | D:3      | Became a worshipper of Hepliaklqana the Forgotten
  3786 | D:3      | Reached * piety under Hepliaklqana
  4149 | D:3      | Reached XP level 5. HP: 33/37 MP: 5/5
  4429 | D:4      | Noticed an ogre
  4459 | D:4      | Reached skill level 5 in Polearms
  4473 | D:4      | Reached skill level 1 in Dodging
  5136 | D:4      | Noticed Dowan
  5138 | D:4      | Noticed Eustachio
  5139 | D:4      | Noticed Duvessa
  5164 | D:5      | Entered Level 5 of the Dungeon
  5167 | D:5      | Noticed a yak
  5167 | D:5      | Noticed a yak
  5167 | D:5      | Noticed a yak
  5188 | D:4      | Slain by Duvessa

Illustrated notes

Levels and vault maps discovered:
D:1:      psy_arrival_spokes, layout_loops_ring
D:2:      layout_basic, uniq_jessica
D:3:      layout_basic, nicolae_ecumenical_lake_church
D:4:      layout_cave_pools, uniq_eustachio, uniq_crazy_yiuf_cottage,
          uniq_duvessa
D:5:      layout_basic, nicolae_dithmenos_through_a_glass_darkly,
          minmay_temple_entry_overgrown, minmay_misc_feat_pillars,
          minmay_fire_ice_demons, uniq_menkaure

Skill      XL: |  1  2  3  4  5 |
---------------+----------------+-----
Polearms       | 4 5 |  5.8
Armour         | 3 |  3.3
Dodging        | 1 |  1.1
Fighting       | |  3.8
Shields        | |  3.4

Action                   |  1- 3 |  4- 6 || total
-------------------------+-------+-------++-------
Melee: Trident           |   121 |   138 ||   259
       Tailslap          |       |     1 ||     1
Invok: Ancestor Identity |       |     1 ||     1
Evoke: Wand              |       |     1 ||     1
  Use: Potion            |     1 |       ||     1
Armor: Scale mail        |    46 |       ||    46
       Chain mail        |    82 |    90 ||   172
Dodge: Dodged            |    76 |    37 ||   113
Block: Buckler           |    34 |    36 ||    70

Table legend: (Time is in decaauts)
 A = Elapsed time spent in this place.
 B = Non-inter-level travel time spent in this place.
 C = Inter-level travel time spent in this place.
 D = Time resting spent in this place.
 E = Time spent auto-exploring this place.
 F = Levels seen in this place.
 G = Mean time per level.
                   A        B        C        D        E       F      G
               +--------+--------+--------+--------+--------+-----+--------+
         Total |   5214 |   5150 |     64 |   2150 |   1964 |   5 | 1042.8 |
       Dungeon |   5214 |   5150 |     64 |   2150 |   1964 |   5 | 1042.8 |
               +--------+--------+--------+--------+--------+-----+--------+

Top non-repeatable levels by time:
     D:1: 1633 daAuts
     D:2: 1515 daAuts
     D:3: 1326 daAuts
     D:4: 730 daAuts
     D:5: 9 daAuts
